 Seeded DCSS version 0.25-a0-957-g12724d6 (webtiles) character file.

Game seed: 11301349378719138389, levelgen mode: deterministic

4410 Auros the Devastator (level 10, -1/78 HPs)
             Began as a Tengu Conjurer on May 8, 2020.
             Was a Believer of Vehumet.
             Slain by an orc wizard
             ... wielding a +0 dagger
              (2 damage)
             ... on level 8 of the Dungeon.
             The game lasted 00:44:14 (9457 turns).

Auros the Devastator (Tengu Conjurer)               Turns: 9457, Time: 00:44:15

Health: -1/78      AC:  4    Str: 12    XL:     10   Next: 36%
Magic:  2/14       EV: 16    Int: 24    God:    Vehumet [**....]
Gold:   351        SH:  0    Dex: 15    Spells: 7/14 levels left

rFire    + . .     SeeInvis .   q - +5 scythe (freeze)
rCold    x . .     Gourm    .   (shield currently unavailable)
rNeg     . . .     Faith    .   F - +2 robe of Lucidity {rF+ rC- Int+4}
rPois    .         Spirit   .   (helmet restricted)
rElec    .         Reflect  .   v - scarf {repulsion}
rCorr    .         Harm     .   (no gloves)
MR       .....                  (boots unavailable)
Stlth    ..........             (no amulet)
HPRegen  0.23/turn              x - +2 ring of intelligence
MPRegen  0.14/turn              H - +3 ring of strength

@: berserking, flying quickly and evasively, slowed, repel missiles, quick
A: beak, talons 3, able to fly
a: Stop Flying, Renounce Religion


You were on level 8 of the Dungeon.
You worshipped Vehumet.
Vehumet was pleased with you.
You were very hungry.

You visited 2 branches of the dungeon, and saw 9 of its levels.

You collected 351 gold pieces.

Inventory:

Hand Weapons
 d - a +0 dagger
 n - a +1 whip of pain
 q - a +5 scythe of freezing (weapon)
Missiles
 j - 25 bolts
 l - 22 poisoned darts
 s - 31 sling bullets
 t - 78 arrows
 Z - 236 stones (quivered)
Armour
 a - a +0 robe
 v - a scarf of repulsion (worn)
 w - a +0 cloak
 F - the +2 robe of Lucidity (worn) {rF+ rC- Int+4}
   (You found it on level 7 of the Dungeon)

   It affects your intelligence (+4).
   It protects you from fire.
   It makes you vulnerable to cold.
Jewellery
 x - a +2 ring of intelligence (left hand)
 H - a +3 ring of strength (right hand)
Wands
 p - a wand of flame (14)
 G - a wand of acid (10)
Scrolls
 b - 8 scrolls of remove curse {unknown}
 e - 10 scrolls of identify {unknown}
 f - 4 scrolls of teleportation {unknown}
 k - a scroll of random uselessness {unknown}
 m - 2 scrolls of fog {unknown}
 u - a scroll of magic mapping {unknown}
 y - a scroll of enchant weapon {unknown}
 A - a scroll of noise {unknown}
Potions
 c - a potion of lignification
 g - a potion of brilliance {unknown}
 i - 9 potions of curing
 o - a potion of might {unknown}
 r - a potion of cancellation {unknown}
 B - 2 potions of heal wounds
 C - a potion of flight
 D - a potion of haste {unknown}
 E - a potion of degeneration {unknown}
Comestibles
 z - 11 rations


   Skills:
 + Level 1.4 Fighting
 + Level 1.0 Short Blades
 + Level 1.6 Polearms
 + Level 2.9 Dodging
 - Level 2.0 Stealth
 + Level 2.5 Spellcasting
 - Level 20.8 Conjurations


You had 7 spell levels left.
You knew the following spells:

 Your Spells              Type           Power        Failure   Level  Hunger
a - Magic Dart            Conj           ####         0%          1    None
b - Searing Ray           Conj           ######       0%          2    ##.....
c - Fulminant Prism       Conj/Hex       ######....   1%          4    ####...

Your spell library contained the following spells:

 Spells                   Type           Power        Failure   Level  Hunger
 Shock                    Conj/Air       ####         1%          1    None
 Dazzling Flash           Conj/Hex       ######       1%          3    ###....
 Iskenderun's Mystic Bla  Conj/Tloc      ######..     1%          4    ####...
 Orb of Destruction       Conj           #######...   1%          7    #######
 Iskenderun's Battlesphe  Conj/Chrm      ######..     4%          5    ######.
 Summon Small Mammal      Summ           #...         12%         1    None
 Call Imp                 Summ           #.......     17%         2    ##.....
 Bolt of Magma            Conj/Fire/Erth #####.....   19%         5    ######.
 Iron Shot                Conj/Erth      ######....   24%         6    #######
 Call Canine Familiar     Summ           #.......     34%         3    ###....
 Summon Guardian Golem    Hex/Summ       #.......     34%         3    ###....
 Summon Ice Beast         Ice/Summ       #.......     75%         4    ####...
 Summon Lightning Spire   Summ/Air       #.......     75%         4    ####...
 Spellforged Servitor     Conj/Summ      ######....   80%         7    #######


Dungeon Overview and Level Annotations

Branches:
Dungeon (8/15)             Temple (1/1) D:4
   Lair: D:8-11

Altars:
Ashenzari
Cheibriados
Dithmenos
Elyvilon
Fedhas
Gozag
Hepliaklqana
Makhleb
Nemelex Xobeh
Okawaru
Qazlal
Ru
Sif Muna
Trog
Vehumet
Wu Jian
Xom
Yredelemnul
Zin
The Shining One

Annotations:
D:8 Erica


Innate Abilities, Weirdness & Mutations

You have a beak for a mouth.
You have claws for feet.
You can fly continuously.


Message History

The hippogriff pecks you.
* * * LOW HITPOINT WARNING * * *
The hippogriff barely misses you.
You are too berserk!
You barely miss the hippogriff. Your kick misses the hippogriff.
You feel less confused. The hound misses you. The orc closely misses you.
You hear some strange, mumbled words.
A magic dart appears from out of thin air!
The magic dart hits you!
* * * LOW HITPOINT WARNING * * *
The hound misses you. The hippogriff closely misses you.
The hippogriff pecks you.
* * * LOW HITPOINT WARNING * * *
The hippogriff claws you.
* * * LOW HITPOINT WARNING * * *
The orc hits you with a +0 dagger.
* * * LOW HITPOINT WARNING * * *
Something hits you.
You die...

#.........#
#.........#
#.........#
#.........#
##...<.....#
..........##
#.....Ho..#
#....h@o..#
#.........#
#.........#
#..h......#
##.......##
#.......##
#o#######
..# ##.##


You could see a hippogriff, 2 hounds and 3 orcs.

Vanquished Creatures
  Pikel (D:7)
  Sigmund (D:3)
  A water moccasin (D:6)
  Duvessa (D:7)
  2 eyes of draining (D:7)
  An ice beast (D:6)
  3 phantoms
  A sky beast (D:5)
  2 slaves (D:7)
  3 ogres
  2 centaurs
  2 big kobolds (D:7)
  A bullfrog (D:8)
  Dowan (D:7)
  4 scorpions
  2 howler monkeys
  A crimson imp (D:5)
  3 bullfrog zombies
  A centaur zombie (D:5)
  A quasit (D:5)
  2 bullfrog skeletons
  3 orc priests
  5 orc wizards
  7 iguanas
  Terence (D:3)
  3 worker ants
  A hound skeleton (D:3)
  15 adders
  6 oozes
  2 worms
  3 dart slugs
  5 leopard geckos
  22 orcs
  3 bats
  8 giant cockroaches
  4 hobgoblins
  7 jackals
  2 quokkas
  4 ball pythons
  3 frilled lizards (D:2)
  6 goblins
  A jackal zombie (D:5)
  5 kobolds
  A leopard gecko zombie (D:5)
  A quokka zombie (D:6)
  5 rats
  2 fulminant prisms
161 creatures vanquished.

Vanquished Creatures (others)
  30 fulminant prisms
30 creatures vanquished.

Grand Total: 191 creatures vanquished

Notes
Turn   | Place    | Note
-------+----------+-------------------------------------------
     0 | D:1      | Auros the Tengu Conjurer began the quest for the Orb.
     0 | D:1      | Reached XP level 1. HP: 10/10 MP: 4/4
   216 | D:1      | Reached skill level 6 in Conjurations
   216 | D:1      | Reached XP level 2. HP: 15/15 MP: 0/6
   227 | D:1      | Learned a level 2 spell: Searing Ray
   758 | D:1      | Reached XP level 3. HP: 19/19 MP: 4/7
  1127 | D:2      | Reached skill level 7 in Conjurations
  1394 | D:2      | Reached XP level 4. HP: 24/24 MP: 5/8
  1679 | D:2      | Found a hazy altar of Hepliaklqana.
  2341 | D:2      | Found a glowing golden altar of the Shining One.
  2484 | D:2      | Reached skill level 8 in Conjurations
  2715 | D:3      | Gained mutation: You can fly continuously. [Tengu growth]
  2715 | D:3      | Reached XP level 5. HP: 24/28 MP: 9/9
  2773 | D:3      | Noticed Terence
  2787 | D:3      | Killed Terence
  2909 | D:3      | Noticed Sigmund
  2921 | D:3      | HP: 1/28 [Sigmund/+5 scythe of freezing (3)]
  2922 | D:3      | Killed Sigmund
  2922 | D:3      | Reached skill level 9 in Conjurations
  2922 | D:3      | Reached XP level 6. HP: 2/32 MP: 2/10
  3459 | D:3      | Reached skill level 10 in Conjurations
  3798 | D:3      | Reached skill level 17 in Conjurations
  3798 | D:3      | Reached XP level 7. HP: 36/36 MP: 11/11
  3799 | D:3      | Reached skill level 20 in Conjurations
  3799 | D:3      | Reached XP level 8. HP: 41/41 MP: 12/12
  3805 | D:3      | Learned a level 4 spell: Fulminant Prism
  4424 | D:4      | Found a shadowy altar of Dithmenos.
  4719 | D:4      | Reached XP level 9. HP: 45/45 MP: 7/13
  4775 | D:4      | Found a basalt altar of Yredelemnul.
  4961 | D:4      | Found a staircase to the Ecumenical Temple.
  4969 | Temple   | Entered the Ecumenical Temple
  5041 | Temple   | Became a worshipper of Vehumet
  5259 | D:5      | Entered Level 5 of the Dungeon
  5758 | D:5      | Found an iron altar of Okawaru.
  6094 | D:5      | Reached * piety under Vehumet
  6094 | D:5      | Offered knowledge of Freeze by Vehumet.
  6460 | D:5      | Found a stormy altar of Qazlal.
  6649 | D:5      | Upgraded the game from 0.25-a0-955-g7446190 to
                  | 0.25-a0-957-g12724d6
  6926 | D:6      | Found a shimmering altar of Xom.
  6985 | D:6      | Found a sacrificial altar of Ru.
  7535 | D:6      | Found a shattered altar of Ashenzari.
  7707 | D:6      | Offered knowledge of Shock by Vehumet.
  7796 | D:6      | Reached ** piety under Vehumet
  7994 | D:7      | Reached XP level 10. HP: 38/50 MP: 12/14
  8119 | D:7      | Noticed Dowan
  8120 | D:7      | Noticed Duvessa
  8129 | D:7      | Killed Duvessa
  8345 | D:7      | Killed Dowan
  8432 | D:7      | Got a crude robe
  8443 | D:7      | Identified the +2 robe of Lucidity {rF+ rC- Int+4} (You
                  | found it on level 7 of the Dungeon)
  8588 | D:7      | Found a bloodstained altar of Trog.
  8603 | D:7      | Reached skill level 1 in Fighting
  8603 | D:7      | Reached skill level 1 in Polearms
  8793 | D:7      | Noticed Pikel
  8815 | D:7      | Killed Pikel
  9412 | D:8      | Reached skill level 1 in Short Blades
  9433 | D:8      | Noticed Erica
  9457 | D:8      | HP: 2/78 [hippogriff (3)]
  9457 | D:8      | Slain by an orc wizard

Levels and vault maps discovered:
D:1:      roderic_crop_circles_arrival_small, layout_basic, st_stairs_6
D:2:      layout_loops_cross, nicolae_tso_swordbearing_angel, marbit_many_paths,
          first_ration
D:3:      layout_loops_ring, uniq_sigmund, uniq_terence
D:4:      layout_basic, nicolae_overflow_hidden_temple, grunt_dithmenos_shadows,
          minmay_temple_entry_proselytizer
D:5:      layout_rooms, nicolae_qazlal_style_of_elements, okawaru_gym_becter
D:6:      layout_basic, kennysheep_little_box,
          chequers_temple_overflow_statue_of_worship
D:7:      layout_gridville, trog_eyes_of_draining, uniq_duvessa, uniq_pikel
D:8:      layout_rooms, kennysheep_generic_room_11, uniq_erica
Temple:   zaba_magenta_temple

Skill      XL: |  1  2  3  4  5  6  7  8  9 10 |
---------------+-------------------------------+-----
Conjurations   | 6 7 8 9 17 20 | 20.8
Fighting       | 1 |  1.4
Polearms       | 1 |  1.6
Short Blades   | 1 |  1.0
Dodging        | |  2.9
Stealth        | |  2.0
Spellcasting   | |  2.5

Action                   |  1- 3 |  4- 6 |  7- 9 | 10-12 || total
-------------------------+-------+-------+-------+-------++-------
Melee: Unarmed           |    27 |       |       |       ||    27
       Kick              |     5 |     7 |     2 |     2 ||    16
       Dagger            |    15 |     4 |       |       ||    19
       Whip              |       |     9 |       |       ||     9
       Peck              |       |     1 |     3 |     1 ||     5
       Scythe            |       |     3 |    30 |     9 ||    42
 Cast: Magic Dart        |    28 |    10 |    62 |     6 ||   106
       Searing Ray       |     9 |    24 |    41 |     8 ||    82
       Fulminant Prism   |       |       |    17 |    15 ||    32
 Abil: Fly               |       |     1 |       |       ||     1
Evoke: Wand              |       |       |     5 |       ||     5
  Use: Potion            |       |     1 |     3 |     2 ||     6
 Stab: Sleeping          |       |     2 |     1 |       ||     3
       Distracted        |       |       |     1 |       ||     1
  Eat: Chunk             |     3 |     5 |    20 |     3 ||    31
       Ration            |       |     1 |       |     1 ||     2
Armor: Robe              |     5 |     2 |     6 |     4 ||    17
       Skin              |       |       |    15 |       ||    15
Dodge: Dodged            |    44 |     9 |    72 |    21 ||   146
       Repelled          |       |       |     1 |       ||     1

Table legend:
 A = Non-vault XP
 B = Vault XP
 C = Vault XP percentage of total XP
 D = Non-vault monster count
 E = Vault monster count
 F = Vault count percentage of total count
                 A         B        C        D         E       F
            +---------+---------+-------+---------+---------+-------
      Total |    3153 |    1791 |  36.2 |     144 |      13 |   8.3
            +---------+---------+-------+---------+---------+-------
        D:1 |      45 |       1 |   2.2 |      20 |       1 |   4.8
        D:2 |     103 |      13 |  11.2 |      24 |       1 |   4.0
        D:3 |     138 |     259 |  65.2 |      16 |       2 |  11.1
        D:4 |     495 |     169 |  25.5 |      17 |       2 |  10.5
        D:5 |     994 |       0 |   0.0 |      28 |       0 |   0.0
        D:6 |    1032 |       0 |   0.0 |      32 |       0 |   0.0
        D:7 |     182 |    1349 |  88.1 |       4 |       7 |  63.6
        D:8 |     164 |       0 |   0.0 |       3 |       0 |   0.0
            +---------+---------+-------+---------+---------+-------
